 Dungeon Crawl Stone Soup version 0.26-a0-651-gb41185065b (webtiles) character file.

Game seed: 13483525384935200250

(classic levelgen) 11 EnegeticOcto the Covered (level 2, -5/27 HPs)
             Began as a Deep Dwarf Fighter on Oct 9, 2020.
             Slain by an ogre
             ... wielding a +0 giant club
              (20 damage)
             ... on level 3 of the Dungeon.
             The game lasted 00:00:12 (168 turns).

EnegeticOcto the Covered (Deep Dwarf Fighter)        Turns: 168, Time: 00:00:12

Health: -5/27      AC:  8    Str: 19    XL:     2   Next: 13%
Magic:  2/2        EV:  7    Int:  8    God:
Gold:   28         SH:  9    Dex: 12    Spells: 1/1 levels left

rFire    . . .     SeeInvis .   a - +0 war axe
rCold    . . .     Faith    .   c - +0 kite shield
rNeg     . . .     Spirit   .   b - +0 scale mail
rPois    .         Reflect  .   (no helmet)
rElec    .         Harm     .   (no cloak)
rCorr    .         Rampage  .   e - +0 pair of gloves
MR       .....                  (no boots)
Stlth    ..........             (no amulet)
HPRegen  0.00/turn              (no ring)
MPRegen  0.08/turn              (no ring)

@: non-regenerating
A: damage resistance, heal wounds, sense surroundings 1, no regeneration
a: Heal Wounds


You were on level 3 of the Dungeon.
You visited 1 branch of the dungeon, and saw 3 of its levels.

You collected 28 gold pieces.

Inventory:

Hand Weapons
 a - a +0 war axe (weapon)
Armour
 b - a +0 scale mail (worn)
 c - a +0 kite shield (worn)
 e - a +0 pair of gloves (worn)
Jewellery
 f - a cursed -4 ring of slaying {unknown}
Potions
 d - a potion of might {@q3}


   Skills:
 + Level 2.8 Fighting
 * Level 2.6 Axes
 + Level 3.4 Armour
 + Level 3.4 Shields


You had one spell level left.
You didn't know any spells.
Your spell library was empty.

Dungeon Overview and Level Annotations

Branches:
Dungeon (3/15)

Altars:


Innate Abilities, Weirdness & Mutations

You are resistant to damage.
You can heal yourself by infusing magical energy.
You passively map a small area around you.
You do not regenerate.


Message History

You hit the giant cockroach.
The giant cockroach is severely wounded.
You block the giant cockroach's attack.
The giant cockroach bites you but does no damage.
You slash the giant cockroach!
You kill the giant cockroach!
You have reached level 2!
Things that are here:
a stone; a kobold corpse You now have 18 gold pieces.
A kobold comes into view. It is wielding a +0 dagger.
The kobold shouts!
The kobold throws a stone.
The stone barely misses you.
Found a whip.
You see here a stone.
A kobold is nearby!
The kobold throws a stone.
The stone hits you but does no damage.
You see here a stone.
The kobold throws a stone.
The stone hits you but does no damage.
Found 23 bolts.
You see here a stone.
The kobold throws a stone.
The stone barely misses you.
Found a stone staircase leading down.
You see here a stone.
You barely miss the kobold. The kobold hits you with a +0 dagger.
The kobold hits you but does no damage.
You slash the kobold!
You kill the kobold!
No target in view!
No target in view!
No target in view!
Things that are here:
a +0 dagger; a kobold corpse You see here 23 bolts.
Found a glowing long sword.
A hobgoblin comes into view.
A hobgoblin is nearby!
The hobgoblin hits you but does no damage.
You closely miss the hobgoblin. You block the hobgoblin's attack.
Your shield and scale mail prevent you from hitting the hobgoblin.
The hobgoblin closely misses you. You block the hobgoblin's attack.
You hit the hobgoblin.
The hobgoblin is heavily wounded.
The hobgoblin hits you but does no damage.
You barely miss the hobgoblin.
The hobgoblin is heavily wounded.
The hobgoblin hits you but does no damage.
The hobgoblin closely misses you.
You slash the hobgoblin!
You kill the hobgoblin!
No target in view!
No target in view!
No target in view!
No target in view!
No target in view!
No target in view!
No target in view!
No target in view!
No target in view!
No target in view!
No target in view!
No target in view!
(D) Dungeon
Where to? (Enter - D:2, ? - help)
There is a stone staircase leading down here.
You climb downwards.
Found an iron ring.
There is a stone staircase leading up here.
f - an iron ring No target in view!
No target in view!
No target in view!
No target in view!
No target in view!
No target in view!
No target in view!
No target in view!
No target in view!
No target in view!
No target in view!
You open the door.
Found a stone staircase leading down.
There is an open door here.
You now have 28 gold pieces (gained 10).
An ogre comes into view. It is wielding a +0 giant club.
An ogre is nearby!
There is a stone staircase leading down here.
The ogre hits you with a +0 giant club.
You closely miss the ogre. The ogre barely misses you.
You barely miss the ogre. You block the ogre's attack.
You barely miss the ogre. The ogre closely misses you.
The ogre barely misses you.
You slash the ogre!
The ogre is heavily wounded.
The ogre hits you with a +0 giant club!
You barely miss the ogre.
The ogre is heavily wounded.
The ogre hits you with a +0 giant club!!
Ouch! That really hurt!
You die...

*, .# #.# , ,
#.# ##.## *
#...#####* , ,
##........ ,,
#..#####.....#
,
,......O@.>..#
##########.##
* , #.# * *
#.# * , *
##'## ##...##
##.....## * **
#.<.....#* * *
,
*#.........#*
*


You could see an ogre.

Vanquished Creatures
  A leopard gecko (D:1)
  A giant cockroach (D:2)
  A goblin (D:1)
  2 hobgoblins
  2 kobolds (D:2)
  A bat (D:1)
8 creatures vanquished.

Notes
Turn   | Place    | Note
-------+----------+-------------------------------------------
     0 | D:1      | EnegeticOcto the Deep Dwarf Fighter began the quest for the
                  | Orb.
     0 | D:1      | Reached XP level 1. HP: 20/20 MP: 1/1
   108 | D:2      | Reached XP level 2. HP: 24/27 MP: 2/2
   160 | D:3      | Noticed an ogre
   168 | D:3      | Slain by an ogre

Illustrated notes

Levels and vault maps discovered:
D:1:      mainiacjoe_arrival_reflecting_pool, layout_basic
D:2:      layout_loops_corners, hangedman_abyss_or_decor_stabs,
          minmay_misc_feat_chi
D:3:      minmay_razor_zed, layout_loops_corners, st_stairs_7,
          grunt_decor_one_mirror

Action                   || total
-------------------------++-------
Melee: War axe           ||    41
Armor: Scale mail        ||    18
Dodge: Dodged            ||    12
Block: Kite shield       ||    17

Table legend: (Time is in decaauts)
 A = Elapsed time spent in this place.
 B = Non-inter-level travel time spent in this place.
 C = Inter-level travel time spent in this place.
 D = Time resting spent in this place.
 E = Time spent auto-exploring this place.
 F = Levels seen in this place.
 G = Mean time per level.
                   A        B        C        D        E       F      G
               +--------+--------+--------+--------+--------+-----+--------+
         Total |    186 |    171 |     15 |      0 |     63 |   3 |   62.0 |
       Dungeon |    186 |    171 |     15 |      0 |     63 |   3 |   62.0 |
               +--------+--------+--------+--------+--------+-----+--------+

Top non-repeatable levels by time:
     D:1: 101 daAuts
     D:2: 64 daAuts
     D:3: 20 daAuts
